 Dungeon Crawl Stone Soup version 0.16-a0-702-gf4f471d (webtiles) character file.

19 RobertPalmer the Sneak (level 2, 0/17 HPs)
             Began as an Octopode Wanderer on Sept 20, 2014.
             Slain by a kobold
             ... wielding a +0 dagger
              (3 damage)
             ... on Level 1 of the Dungeon.
             The game lasted 00:01:39 (656 turns).

RobertPalmer the Sneak (Octopode Wanderer)           Turns: 656, Time: 00:01:39

HP   0/17        AC  1     Str 11      XL: 2   Next: 75%
MP   2/2         EV 11     Int 12      God:
Gold 71          SH  0     Dex 13      Spells:  0 memorised,  1 level left

rFire  . . .     SeeInvis .     k - +0 dagger (curse)
rCold  . . .     Clarity  .     (no shield)
rNeg   . . .     rCorr    .     (helmet restricted)
rPois  .         rRot     .     (no amulet)
rElec  .         Spirit   .     (no ring)
SustAb .         Warding  .     (no ring)
rMut   .         Stasis   .     (no ring)
Gourm  .                        (no ring)
MR     .....                    (no ring)
                                (no ring)
                                (no ring)
                                (no ring)

@: not resistant to hostile enchantments, stealthy
A: almost no armour, amphibious, 8 rings, constrict 8, camouflage 1, gelatinous
body 1
a: no special abilities


You were on level 1 of the Dungeon.
You were not hungry.

You visited 1 branch of the dungeon, and saw 1 of its levels.

You collected 71 gold pieces.


Innate Abilities, Weirdness & Mutations

You cannot wear most types of armour.
You are amphibious.
You can wear up to eight rings at the same time.
You can use your tentacles to constrict many enemies at once.
Your skin changes colour to match your surroundings (Stealth).
Your rubbery body absorbs attacks (AC +1).


   Skills:
 - Level 1.0 Dodging
 + Level 4.5 Stealth
   Level 1.0 Shields
 - Level 3.0 Unarmed Combat
   Level 1.0 Hexes
   Level 2.0 Necromancy


You had one spell level left.
You didn't know any spells.

Inventory:

Hand weapons
 e - a +0 dagger
 k - a cursed +0 dagger (weapon)
Comestibles
 f - a bread ration
Scrolls
 c - a scroll of teleportation
Potions
 b - a potion of lignification {!q}
 g - 2 potions of curing {unknown}
 h - a potion of might {unknown}
 i - a potion of heal wounds {unknown}
Books
 a - a book of Necromancy

Dungeon Overview and Level Annotations

Branches:
Dungeon (1/15)

Altars:

.###########.####.
.# #.# .# #.### .#
#.#.###.# .#
###.......# .#
#...#.###.## .#
#.###.####.###. .#
#.# #.#K......# ##
.# #.# #.#@....#
#. .# #.#
#.....>.# #####.
.# #.# ###.....#
#..... .#######
#.# #.....# #.####
.......###.##
###.### #..###
.#####......# #.#
#...##
....######..# #.#
#..... ###.# #..#
#(# ##..### #.#
#..# #.# #...#.#


You could see a kobold.


Message History

A hobgoblin is nearby!
The hobgoblin shouts!
You hear a shout!
You closely miss the hobgoblin. You grab the hobgoblin.
You constrict the hobgoblin. The hobgoblin barely misses you.
You hit the hobgoblin.
The hobgoblin is moderately wounded.
You constrict the hobgoblin. The hobgoblin misses you.
You completely miss the hobgoblin.
The hobgoblin is heavily wounded.
You constrict the hobgoblin. The hobgoblin hits you.
You hit the hobgoblin.
You kill the hobgoblin!
No target in view!
A kobold comes into view. It is wielding a dagger.
The kobold throws a stone.
The stone hits you but does no damage.
A kobold is nearby!
A kobold is nearby!
A kobold is nearby!
The kobold hits you with a dagger.
* * * LOW HITPOINT WARNING * * *
You are too injured to fight recklessly!
You are too injured to fight recklessly!
You are too injured to fight recklessly!
You barely miss the kobold. The kobold hits you with a dagger.
* * * LOW HITPOINT WARNING * * *
You barely miss the kobold. You grab the kobold. The kobold barely misses you.
You hit the kobold but do no damage. The kobold hits you with a dagger.
* * * LOW HITPOINT WARNING * * *
You hit the kobold but do no damage. The kobold hits you with a dagger.
You die...

Action                   || total
-------------------------++-------
Melee: Dagger            ||    41
  Use: Scroll            ||     1
 Stab: Sleeping          ||     1

Vault maps used:
D:1:      minmay_arrival_solitary_statue, st_stairs_7, minmay_quantized

Notes
Turn   | Place    | Note
--------------------------------------------------------------
     0 | D:1      | RobertPalmer, the Octopode Wanderer, began the quest for the Orb.
     0 | D:1      | Reached XP level 1. HP: 11/11 MP: 1/1
    20 | D:1      | Reached skill level 3 in Stealth
   197 | D:1      | Reached XP level 2. HP: 10/17 MP: 2/2
   351 | D:1      | Reached skill level 4 in Stealth
   656 | D:1      | Slain by a kobold

Vanquished Creatures
  2 giant geckos (D:1)
  A bat (D:1)
  A giant cockroach (D:1)
  2 hobgoblins (D:1)
  A giant newt (D:1)
  A goblin (D:1)
  6 kobolds (D:1)
  4 rats (D:1)
18 creatures vanquished.
